 Dungeon Crawl Stone Soup version 0.29-a0-317-gd16b76e6b1 (webtiles) character file.

Game seed: 7356084267374025972

51 Dabor the Insei (level 3, -1/27 HPs)
             Began as a Demonspawn Transmuter on Mar 31, 2022.
             Was a Follower of Trog (penitent).
             Slain by Robin
             ... wielding a +0 dagger
              (3 damage)
             ... on level 2 of the Dungeon.
             The game lasted 00:02:10 (1835 turns).

Dabor the Insei (Demonspawn Transmuter)             Turns: 1835, Time: 00:02:11

Health: -1/27      AC:  2    Str: 24    XL:     3   Next: 58%
Magic:  6/6        EV: 12    Int: 14    God:    Trog [*.....]
Gold:   80         SH:  4    Dex: 13    Spells: 3/6 levels left

rFire   . . .      SeeInvis .     - Unarmed
rCold   . . .      Faith    .   (no shield)
rNeg    . . .      Spirit   .   a - +0 robe
rPois   .          Reflect  .   (no helmet)
rElec   .          Harm     .   (no cloak)
rCorr   .          Rampage  .   (no gloves)
Will    .....                   (no boots)
Stlth   +.........              (no amulet)
HPRegen 0.09/turn               e - +6 ring of strength
MPRegen 0.10/turn               g - +6 ring of strength

@: attractive
A: condensation shield
a: Renounce Religion


You were on level 2 of the Dungeon.
You worshipped Trog.
Trog was demanding penance.
You visited 1 branch of the dungeon, and saw 2 of its levels.

You collected 80 gold pieces.

Inventory:

Armour
 a - a +0 robe (worn)
Jewellery
 e - a +6 ring of strength (left hand)
 g - a +6 ring of strength (right hand)
Scrolls
 c - 4 scrolls of identify
 d - a scroll of enchant weapon
 f - a scroll of holy word {unknown}


   Skills:
 + Level 1.9 Fighting
 + Level 2.3 Dodging
 + Level 3.1 Unarmed Combat
 - Level 2.2 Spellcasting
 - Level 2.1 Transmutations


You had 3 spell levels left.
You knew the following spells:

 Your Spells              Type           Power      Damage    Failure   Level
a - Beastly Appendage     Tmut           14%        N/A       10%         1
b - Wereblood             Tmut           7%         N/A       14%         2

Your spell library contained the following spells:

 Spells                   Type           Power      Damage    Failure   Level
 Shock                    Conj/Air       4%         1d3       24%         1
 Spider Form              Tmut/Pois      4%         N/A       41%         3
 Gell's Gravitas          Tloc           1%         N/A       56%         3
 Lesser Beckoning         Tloc           1%         N/A       56%         3
 Swiftness                Air            1%         N/A       56%         3
 Teleport Other           Tloc           1%         N/A       56%         3
 Ice Form                 Ice/Tmut       4%         N/A       83%         4
 Airstrike                Air            0%         N/A       93%         4


Dungeon Overview and Level Annotations

Branches:
Dungeon (2/15)

Altars:
Trog

Annotations:
D:2 Robin


Innate Abilities, Weirdness & Mutations

A meltable shield of frost defends you. (SH +4)


Message History

You kill the hobgoblin!
Trog accepts your kill.
The goblin shoots a sling bullet.
The sling bullet misses you.
Your primal bloodlust is almost over.
You punch the goblin!
You feel a bit better.
You kill the goblin!
Trog accepts your kill.
You howl as the wereblood boils in your veins!
Robin throws the goblin at you!
The goblin unwields a +0 hunting sling.
The goblin wields a +0 club.
The goblin hits you but does no damage.
You closely miss the goblin.
You howl as the wereblood boils in your veins!
The goblin hits you with a +0 club.
You barely miss the goblin. You block Robin's attack.
You barely miss the goblin.
You howl as the wereblood boils in your veins!
You block the goblin's attack. Robin hits you with a +0 dagger.
You barely miss Robin. The goblin hits you with a +0 club.
A goblin comes into view. It is wielding a +0 dagger.
You hit Robin.
Robin is lightly wounded.
The goblin hits you with a +0 club. Robin hits you with a +0 dagger.
* * * LOW HITPOINT WARNING * * *
You closely miss Robin.
Robin is lightly wounded.
Your primal bloodlust has ended.
The goblin no longer looks unusually strong.
The goblin hits you with a +0 club.
* * * LOW HITPOINT WARNING * * *
Robin completely misses you.
Okay, then.
Unknown command.
It was a potion of attraction.
You feel attractive to monsters. You block the goblin's attack.
As you read the scroll labelled PIUFRA IGOQUSA, it crumbles to dust.
It is a scroll of identify.
d - a scroll of enchant weapon You block the goblin's attack.
Robin hits you with a +0 dagger.
You die...

#.. ### #.#
####.###.####.#
....#.........# ....
####>###>###### #..#
..........# #######..
###..##.#.# #........
#..##.#)###.#####.#
#..##.#.##..g@gg#.# .#. #
...##...##..###g#.##g....
# ...####.....#
#.....gg..# #
...........## ###.##.#.g#
###..#####.#### #.#
.....# #.# #.#
.##..#####.# #.#
.#...>...... ..#
...........# ...


You could see Robin and 3 goblins.

Vanquished Creatures
  2 endoplasms
  6 hobgoblins
  9 jackals (D:1)
  4 kobolds (D:1)
  2 quokkas (D:1)
  2 ball pythons (D:1)
  4 bats
  3 frilled lizards (D:1)
  8 goblins
  2 rats (D:1)
42 creatures vanquished.

Notes
Turn   | Place    | Note
-------+----------+-------------------------------------------
     0 | D:1      | Dabor the Demonspawn Transmuter began the quest for the
                  | Orb.
     0 | D:1      | Reached XP level 1. HP: 15/15 MP: 3/3
   228 | D:1      | Gained mutation: A meltable shield of frost defends you.
                  | (SH +4) [demonic ancestry]
   228 | D:1      | Reached XP level 2. HP: 17/21 MP: 5/5
   528 | D:1      | Learned a level 2 spell: Wereblood
   740 | D:1      | Found a faded altar of an unknown god.
   756 | D:1      | Reached XP level 3. HP: 25/26 MP: 3/6
   858 | D:1      | Prayed at the altar of an unknown god.
   858 | D:1      | Became a worshipper of Trog the Wrathful
   858 | D:1      | Reached * piety under Trog
   966 | D:1      | Reached skill level 3 in Unarmed Combat
  1799 | D:2      | Noticed Robin
  1809 | D:2      | Was placed under penance by Trog
  1835 | D:2      | Slain by Robin

Illustrated notes

Levels and vault maps discovered:
D:1:      psy_arrival_fountain, layout_basic,
          hellmonk_ecumenical_altar_crossroads, st_stairs_10
D:2:      layout_loops_ring, uniq_robin, uniq_terence, uniq_crazy_yiuf_cottage

Skill      XL: |  1  2  3 |
---------------+----------+-----
Dodging        | 2 |  2.3
Transmutations | 2 |  2.1
Unarmed Combat | 3 |  3.1
Fighting       | |  1.9
Spellcasting   | |  2.2

Action                   || total
-------------------------++-------
Melee: Unarmed           ||   127
       Kick              ||    10
       Headbutt          ||     1
 Cast: Beastly Appendage ||     9
       Wereblood         ||     2
  Use: Potion            ||     2
       Scroll            ||     1
Armor: Robe              ||    19
       Skin              ||     7
Dodge: Dodged            ||    85
Block: Other             ||    28

Table legend: (Time is in decaauts)
 A = Elapsed time spent in this place.
 B = Non-inter-level travel time spent in this place.
 C = Inter-level travel time spent in this place.
 D = Time resting spent in this place.
 E = Time spent auto-exploring this place.
 F = Levels seen in this place.
 G = Mean time per level.
                   A        B        C        D        E       F      G
               +--------+--------+--------+--------+--------+-----+--------+
         Total |   1826 |   1783 |     43 |    358 |   1173 |   2 |  913.0 |
       Dungeon |   1826 |   1783 |     43 |    358 |   1173 |   2 |  913.0 |
               +--------+--------+--------+--------+--------+-----+--------+

Top non-repeatable levels by time:
     D:1: 1644 daAuts
     D:2: 182 daAuts
